 Dungeon Crawl Stone Soup version 0.31-a0-157-g0643eb4156 (webtiles) character file.

Game seed: 606600737007759936

492 qw the Shooter (level 7, -1/44 HPs)
             Began as a Gargoyle Hunter on June 12, 2023.
             Slain by a gnoll
             ... wielding a +0 spear
              (4 damage)
             ... on level 4 of the Dungeon.
             The game lasted 00:01:13 (2288 turns).

qw the Shooter (Gargoyle Hunter)                    Turns: 2288, Time: 00:01:14

Health: -1/44      AC:  9    Str: 14    XL:     7   Next: 14%
Magic:  7/7        EV: 12    Int: 10    God:
Gold:   193        SH:  0    Dex: 15    Spells: 6/6 levels left

rFire   + . .        Y - +0 orcbow
rCold   . . .        (shield currently unavailable)
rNeg    + . .        c - +0 robe {rF+}
rPois   inf          e - +2 helmet
rElec   +            (no cloak)
rCorr   .            (no gloves)
SInv    .            (no boots)
Will    .....        (no amulet)
Stlth   ++           (no ring)
HPRegen 0.27/turn    (no ring)
MPRegen 0.10/turn

%: no passive effects
@: about to teleport
A: sickness immunity, AC +4, negative energy resistance 1, electricity
resistance, torment resistance 1, petrification resistance
a: no special abilities


You were on level 4 of the Dungeon.
You visited 1 branch of the dungeon, and saw 4 of its levels.

You collected 217 gold pieces.
You spent 24 gold pieces at shops.


Innate Abilities, Weirdness & Mutations

You are immune to sickness and miasma.
Your stone body is resilient. (AC +4)
You are immune to poison.
You resist negative energy. (rN+)
You are resistant to electric shocks. (rElec)
You are resistant to unholy torment.
You are immune to petrification.


   Skills:
 - Level 5.3 Fighting
 + Level 6.9 Ranged Weapons
 - Level 0.3 Armour
 - Level 1.5 Dodging
 - Level 1.1 Stealth


You had 6 spell levels left.
You didn't know any spells.
Your spell library was empty.

Inventory:

Hand Weapons
 Y - a +0 orcbow (weapon)
Armour
 c - a +0 robe of fire resistance (worn)
 e - a +2 helmet (worn)
 h - a +0 ring mail
Scrolls
 g - a scroll of identify
Potions
 a - 2 potions of curing
 f - a potion of lignification
 i - a potion of might
 k - a potion of magic
 m - a potion of resistance {unknown}

Dungeon Overview and Level Annotations

Branches:
Dungeon (4/15)
 Temple: D:4-7

Altars:

Shops:
D:1 *


Message History

The gnoll closely misses you. Something hits you.
The hobgoblin barely misses you.
You shoot an arrow. The arrow completely misses the gnoll.
The gnoll hits you with a +0 club. Something hits you.
The hobgoblin closely misses you.
2284 ||| READING 2 scrolls of teleportation.
As you read the scroll of teleportation, it crumbles to dust.
You feel strangely unstable. Something hits you but does no damage.
The hobgoblin hits you but does no damage.
You shoot an arrow. The arrow hits the gnoll.
The gnoll is lightly wounded.
The gnoll barely misses you. The gnoll hits you with a +0 club.
Something hits you. The hobgoblin misses you.
You shoot an arrow. The arrow hits the gnoll.
The gnoll is heavily wounded.
Your surroundings suddenly seem different.
Splash!
You fall into the shallow water.
Moving in this stuff is going to be slow.
An endoplasm and 3 gnolls come into view.
Found a white potion.
The gnoll shouts! x3; You hear a shout!
The endoplasm quivers.
A gnoll comes into view. It is wielding a +0 halberd.
The gnoll closely misses you.
Autopickup is now on.
Enter note:
Enter note:
Enter note:
Enter note:
2287 ||| READING scroll of teleportation.
As you read the scroll of teleportation, it crumbles to dust.
You feel strangely unstable.
2288 ||| Stepping ~*~*~tactically~*~*~ (water).
An endoplasm comes into view.
The gnoll completely misses you. The gnoll barely misses you.
The gnoll hits you with a +0 spear. The gnoll completely misses you.
The gnoll hits you with a +0 spear.
You die...

... ##.......
...##.......# #
........P..P. .#
.. ....P..7~ ~P.
#J. ...P..~7~~~.
#.. 7..~~~~~~!.
#...J7gP~~~~7 .
#...7ggg~~7~...
....P..@..~P....
....###7.....7..
..
...###.....##...
...........##..#
####..##.....#.#
#...#.......### .
##.[###......##.
..#...# #......##.
......###.......#.


You could see 4 gnolls and 2 endoplasms.

Vanquished Creatures
  Sigmund (D:3)
  2 orc priests (D:4)
  Jessica (D:2)
  A gnoll bouda (D:4)
  An iguana (D:4)
  An orc wizard (D:3)
  Robin (D:2)
  2 gnolls
  2 adders
  A worm (D:4)
  4 dart slugs (D:1)
  12 orcs
  3 bats
  4 endoplasms
  A giant cockroach (D:1)
  17 goblins
  7 hobgoblins
  7 jackals
  4 quokkas
  7 ball pythons
  A frilled lizard (D:1)
  4 kobolds (D:1)
  3 rats (D:1)
87 creatures vanquished.

Notes
Turn   | Place    | Note
-------+----------+-------------------------------------------
     0 | D:1      | qw the Gargoyle Hunter began the quest for the Orb.
     0 | D:1      | Reached XP level 1. HP: 12/12 MP: 1/1
     0 | D:1      | 0 ||| qw: Version: 0.2-a-29-gc1b59c4
     0 | D:1      | 0 ||| qw: Game counter: 4158
     0 | D:1      | 0 ||| qw: Always use a shield: true
     0 | D:1      | 0 ||| qw: God list: Okawaru
     0 | D:1      | 0 ||| qw: Allow faded altars: false
     0 | D:1      | 0 ||| qw: Do Orc after D:15 true
     0 | D:1      | 0 ||| qw: Do second Lair branch before Depths: true
     0 | D:1      | 0 ||| qw: Lair rune preference: random
     0 | D:1      | 0 ||| qw: Plans: Normal, Zot:1-4, Slime:5, God:TSO, Crypt,
                  | Tomb, Abyss, Pan, Hells, Win
     0 | D:1      | 0 ||| PLANNING D:1-11
    48 | D:1      | Reached XP level 2. HP: 14/17 MP: 2/2
   175 | D:1      | Found a faded altar of an unknown god.
   241 | D:1      | Reached XP level 3. HP: 21/21 MP: 3/3
   285 | D:1      | Found Vavaf's General Store.
   295 | D:1      | Reached skill level 5 in Ranged Weapons
   306 | D:1      | 306 ||| SHOPLISTING potion of curing (36 gold, have 32).
   306 | D:1      | 306 ||| BUYING scroll of identify (24 gold).
   306 | D:1      | Bought a scroll of identify for 24 gold pieces
   459 | D:1      | 459 ||| UPGRADING to +0 ring mail.
   471 | D:1      | 471 ||| DROPPING +0 leather armour.
   514 | D:1      | 514 ||| UPGRADING to +0 robe of fire resistance.
   937 | D:1      | 937 ||| READING scroll labelled JOHALA ICVIOWA.
   938 | D:1      | 938 ||| READING scroll labelled ERATIXZIGO.
   939 | D:1      | 939 ||| READING scroll labelled BITZIXKUTHREE.
   954 | D:1      | 954 ||| READING scroll labelled JYUMOCW MIANUIC.
   958 | D:1      | 958 ||| DROPPING scroll of butterflies.
  1023 | D:2      | Reached skill level 3 in Fighting
  1026 | D:2      | Noticed Robin
  1031 | D:2      | Reached XP level 4. HP: 28/28 MP: 4/4
  1046 | D:2      | Killed Robin
  1432 | D:2      | Noticed Jessica
  1438 | D:2      | Killed Jessica
  1551 | D:2      | 1551 ||| UPGRADING to +2 helmet.
  1556 | D:2      | 1556 ||| DROPPING ring of magical power.
  1557 | D:2      | 1557 ||| READING scroll labelled VOHON REAKI.
  1558 | D:2      | 1558 ||| READING 4 scrolls of identify.
  1558 | D:2      | 1558 ||| IDENTIFYING black potion
  1559 | D:2      | 1559 ||| READING 3 scrolls of identify.
  1559 | D:2      | 1559 ||| IDENTIFYING emerald potion
  1560 | D:2      | 1560 ||| READING 2 scrolls of identify.
  1560 | D:2      | 1560 ||| IDENTIFYING bubbling orange potion
  1581 | D:3      | 1581 ||| SWAPPING to +0 orcbow.
  1582 | D:3      | 1582 ||| DROPPING +0 shortbow.
  1637 | D:3      | Reached XP level 5. HP: 32/32 MP: 5/5
  1717 | D:3      | 1717 ||| Stepping ~*~*~tactically~*~*~ (outnumbered).
  1732 | D:3      | 1732 ||| DRINKING potion of curing.
  1732 | D:3      | 1732 ||| (to cure confusion)
  1734 | D:3      | Reached skill level 6 in Ranged Weapons
  1925 | D:3      | 1925 ||| READING 4 scrolls of identify.
  1925 | D:3      | 1925 ||| IDENTIFYING lumpy orange potion
  1926 | D:3      | 1926 ||| READING 3 scrolls of identify.
  1926 | D:3      | 1926 ||| IDENTIFYING coppery potion
  1928 | D:3      | Noticed Sigmund
  1942 | D:3      | Killed Sigmund
  1943 | D:3      | Reached XP level 6. HP: 40/40 MP: 6/6
  2072 | D:3      | 2072 ||| READING scroll labelled PEUREI ILOUMNOCZA.
  2073 | D:3      | 2073 ||| READING 2 scrolls of identify.
  2073 | D:3      | 2073 ||| IDENTIFYING murky emerald potion
  2074 | D:3      | 2074 ||| DROPPING potion of degeneration.
  2158 | D:4      | HP: 10/40 [orc/+0 dagger (3)]
  2159 | D:4      | 2159 ||| READING 3 scrolls of teleportation.
  2160 | D:4      | 2160 ||| DRINKING potion of heal wounds.
  2183 | D:4      | Reached XP level 7. HP: 36/44 MP: 7/7
  2259 | D:4      | 2259 ||| Stepping ~*~*~tactically~*~*~ (outnumbered).
  2262 | D:4      | 2262 ||| Stepping ~*~*~tactically~*~*~ (outnumbered).
  2263 | D:4      | 2263 ||| Stepping ~*~*~tactically~*~*~ (outnumbered).
  2283 | D:4      | HP: 10/44 [something (3)]
  2284 | D:4      | 2284 ||| READING 2 scrolls of teleportation.
  2287 | D:4      | 2287 ||| READING scroll of teleportation.
  2288 | D:4      | 2288 ||| Stepping ~*~*~tactically~*~*~ (water).
  2288 | D:4      | HP: 3/44 [gnoll/+0 spear (3)]
  2288 | D:4      | Slain by a gnoll

Levels and vault maps discovered:
D:1:      nzn_arrival_water_spiral, layout_loops_ring,
          hellmonk_ecumenical_altar_defaced_shrine, serial_shops,
          nicolae_square_shop, kennysheep_doodads, minmay_close_crescents
D:2:      layout_basic, uniq_jessica, uniq_robin, uniq_crazy_yiuf_cottage
D:3:      layout_rooms, minmay_misc_feat_enclosed, chequers_avenue,
          kennysheep_potato, uniq_sigmund
D:4:      layout_cave_pools, serial_bayou_pond_a

Skill      XL: |  1  2  3  4  5 |
---------------+----------------+-----
Ranged Weapons | 5 6 |  6.9
Fighting       | 3 5 |  5.3
Armour         | |  0.3
Dodging        | |  1.5
Stealth        | |  1.1

Action                     |  1- 3 |  4- 6 |  7- 9 || total
---------------------------+-------+-------+-------++-------
   Fire: Shortbow          |   101 |    36 |       ||   137
         Orcbow            |       |   107 |    24 ||   131
    Use: Scroll            |     4 |     9 |     2 ||    15
         Potion            |       |     2 |       ||     2
 Armour: Leather armour    |    20 |       |       ||    20
         Robe              |     5 |    39 |    18 ||    62
         Ring mail         |     1 |       |       ||     1
  Dodge: Dodged            |    30 |    40 |    29 ||    99

Table legend:
 A = Non-vault XP
 B = Vault XP
 C = Vault XP percentage of total XP
 D = Non-vault monster count
 E = Vault monster count
 F = Vault count percentage of total count
                 A         B        C        D         E       F
            +---------+---------+-------+---------+---------+-------
      Total |     356 |     348 |  49.4 |      66 |      21 |  24.1
            +---------+---------+-------+---------+---------+-------
        D:1 |      53 |      16 |  23.2 |      23 |       6 |  20.7
        D:2 |      18 |      72 |  80.0 |       9 |      13 |  59.1
        D:3 |      82 |     260 |  76.0 |      21 |       2 |   8.7
        D:4 |     203 |       0 |   0.0 |      13 |       0 |   0.0
            +---------+---------+-------+---------+---------+-------
